AoeStats
← SlowBoy

Arabia

503433214Analyzed
1v1 RM · 1mo ago on Aug 31, 2026· 45m 35s· 2 players
Game mode
Random Map
Map size
Tiny (2 player)
Population
200
Speed
Normal
Resources
Standard
Victory
Conquest
Starting age
Dark Age
Ending age
Imperial Age
RankedLock teamsTeams togetherTeam positionsShared explorationLock speedFull tech treeHidden civsTurbo modeCheats
Victory
Defeat
🇧🇷 Maya · Brazil
1661
+12
🇪🇸 Turks · Spain
1574
-12
Ju1cel0rd
6:10 Loom
8:37 Feudal Age
9:31 Double-Bit Axe
19:20 Horse Collar
22:15 Castle Age
21:13 Scale Barding Armor
21:38 Town Watch
21:54 Gold Mining
22:51 Bloodlines
23:18 Chain Barding Armor
23:59 Husbandry
26:33 Fletching
32:35 Wheelbarrow
32:11 Town Watch
33:58 Hand Cart
40:17 Imperial Age
38:39 Forging
45:24 Iron Casting
45:26 Plate Barding Armor
SlowBoy
0:26 Loom
9:41 Feudal Age
11:29 Double-Bit Axe
11:53 Horse Collar
15:58 Wheelbarrow
16:21 Fletching
21:37 Castle Age
20:03 Gold Mining
20:34 Padded Archer Armor
21:43 Crossbowman
22:19 Bodkin Arrow
22:34 Bow Saw
23:52 Town Watch
24:27 Leather Archer Armor
24:30 Heavy Plow
26:45 Ballistics
26:52 Hand Cart
36:02 Imperial Age
35:05 Scale Mail Armor
35:15 Forging
35:09 Squires
36:00 Thumb Ring
36:54 Bracer
36:15 Arbalester
38:08 Two-Man Saw
38:24 Ring Archer Armor
39:07 Chemistry
37:45 Elite Skirmisher
40:06 Conscription
40:03 Hul'che Javelineers
40:25 Conscription
40:47 Murder Holes
41:02 Masonry
42:03 Chain Mail Armor
42:38 Town Patrol
43:53 Iron Casting
43:48 Plate Mail Armor
Connection lost

Rejoining the realm…

Still unreachable

The connection could not be restored.

Session expired

The server has moved on; the page needs a fresh start.